 Dungeon Crawl Stone Soup version 0.27.1-1-g398f81649c (webtiles) character file.

Game seed: 3715956406805041482

6 Descartes the Sneak (level 1, -3/11 HPs)
             Began as a Spriggan Delver on Sept 18, 2021.
             Slain by a river rat (7 damage)
             ... on level 6 of the Dungeon.
             The game lasted 00:00:32 (270 turns).

Descartes the Sneak (Spriggan Delver)                Turns: 270, Time: 00:00:32

Health: -3/11      AC:  2    Str:  8    XL:     1   Next: 75%
Magic:  2/2        EV: 17    Int: 11    God:
Gold:   3          SH:  0    Dex: 16    Spells: 0/0 levels left

rFire    . . .     SeeInvis +   a - +0 short sword
rCold    . . .     Faith    .   (shield restricted)
rNeg     . . .     Spirit   .   b - +0 robe
rPois    .         Reflect  .   (helmet restricted)
rElec    .         Harm     .   (no cloak)
rCorr    .         Rampage  .   (gloves unavailable)
Will     .....                  (boots unavailable)
Stlth    ++++......             (no amulet)
HPRegen  0.03/turn              (no ring)
MPRegen  0.08/turn              (no ring)

@: hasted, very quick
A: very small, no large weapons, unfitting armour, see invisible, speed 3
a: no special abilities


You were on level 6 of the Dungeon.
You visited 1 branch of the dungeon, and saw 2 of its levels.

You collected 3 gold pieces.

Inventory:

Hand Weapons
 a - a +0 short sword (weapon)
Armour
 b - a +0 robe (worn)
Wands
 g - a wand of digging (3)
Scrolls
 c - a scroll of fog
 d - a scroll of magic mapping
 e - a scroll of fear
 h - a scroll of identify {unknown}


   Skills:
 - Level 2.4 Fighting
 + Level 2.4 Short Blades
 + Level 3.0 Dodging
 + Level 7.4 Stealth


You couldn't memorise any spells.
You didn't know any spells.
Your spell library was empty.

Dungeon Overview and Level Annotations

Branches:
Dungeon (6/15)
 Temple: D:4-7

Altars:

Portals:
Sewer: D:6

Annotations:
D:5 Blork the orc


Innate Abilities, Weirdness & Mutations

You are very small and have problems with some larger weapons.
You are too small for most types of armour.
You have supernaturally acute eyesight. (SInv)
You cover ground extremely quickly. (Speed+++)


Message History

You are too injured to fight recklessly!
You are too injured to fight recklessly!
You are too injured to fight recklessly!
Your unstable footing causes you to fumble your attack.
The giant cockroach barely misses you. The river rat barely misses you.
You hit the giant cockroach.
The giant cockroach is heavily wounded.
The giant cockroach completely misses you.
The river rat barely misses you.
The giant cockroach splashes around in the water.
Your unstable footing causes you to fumble your attack.
The river rat barely misses you. The giant cockroach bites you.
Your unstable footing causes you to fumble your attack.
The giant cockroach splashes around in the water.
The river rat closely misses you.
Okay, then.
You feel yourself speed up. The river rat misses you.
You hit the river rat.
The river rat is moderately wounded.
The river rat closely misses you.
You completely miss the river rat.
The river rat is moderately wounded.
The river rat closely misses you.
You hit the river rat but do no damage.
The river rat is moderately wounded.
You completely miss the river rat.
The river rat is moderately wounded.
The river rat bites you.
You hit the river rat but do no damage.
The river rat is moderately wounded.
You hit the river rat but do no damage.
The river rat is moderately wounded.
The river rat barely misses you.
You barely miss the river rat.
The river rat is moderately wounded.
You closely miss the river rat.
The river rat is moderately wounded.
The river rat bites you!
Ouch! That really hurt!
You die...

#
#.############
#...........<#
####.#########
#.# #@# #r##
##B.###
#≈....#
#≈†≈..#
#≈≈≈..#
#≈≈≈†.#
#∩≈≈≈.#
#######


You could see a river rat and a giant cockroach.

Vanquished Creatures
  A worm (D:6)
  A giant cockroach (D:6)
  2 rats (D:6)
4 creatures vanquished.

Notes
Turn   | Place    | Note
-------+----------+-------------------------------------------
     0 | D:5      | Descartes the Spriggan Delver began the quest for the Orb.
     0 | D:5      | Reached XP level 1. HP: 11/11 MP: 2/2
    16 | D:5      | Noticed a water moccasin
    27 | D:5      | Noticed Blork the orc
   227 | D:6      | Found a glowing drain.
   270 | D:6      | Slain by a river rat

Illustrated notes

Levels and vault maps discovered:
D:5:      kennysheep_slugbush, layout_loops_ring,
          mainiacjoe_overflow_catch_the_wave, minmay_temple_entry_mist,
          minmay_manual_moon, uniq_blork_the_orc
D:6:      layout_basic, nicolae_overflow_crystal_walls, lightli_temple_of_fire,
          serial_curves, eino_curves_03, eino_curves_02, eino_curves_04,
          gammafunk_ghost_split, portal_sewer_entry_b

Skill      XL: |  1 |
---------------+----+-----
Dodging        | 3 |  3.0
Fighting       | |  2.4
Short Blades   | |  2.4
Stealth        | |  7.4

Action                   || total
-------------------------++-------
Melee: Short sword       ||    33
  Use: Potion            ||     1
 Stab: Sleeping          ||     1
Armor: Robe              ||     3
Dodge: Dodged            ||    32
